3A
BELLEVILLE BULLS @ GRAND FORKS CATERPILLARS
05/02/2022
 
TOP OF THE 1ST
Belleville Bulls batting - Pitching for Grand Forks Caterpillars : LHP Oliver De Jesús
Pitching: LHP Oliver De Jesús
Batting: RHB Gabriel López 0-0: Called Strike
0-1: Ball
1-1: Ball
2-1: Ground out 6-3 (Groundball, 6)
Batting: RHB Paddy Hodnett 0-0: Called Strike
0-1: Swinging Strike
0-2: Ball
1-2: Ball
2-2: Ball
3-2: Strikes out swinging
Batting: RHB Noel Wells 0-0: Called Strike
0-1: Ball
1-1: SINGLE (Groundball, 34D)
Batting: RHB Henry Mann 0-0: Called Strike
0-1: Ball
1-1: Ground out 6-3 (Groundball, 6)
Top of the 1st over - 0 run(s), 1 hit(s), 0 error(s), 1 left on base; Belleville 0 - Grand Forks 0
BOTTOM OF THE 1ST
Grand Forks Caterpillars batting - Pitching for Belleville Bulls : LHP Reynaldo Sánchez
Pitching: LHP Reynaldo Sánchez
Batting: SHB Luchino Salimbeni 0-0: Called Strike
0-1: Ball
1-1: Called Strike
1-2: SINGLE (Groundball, 6M) (infield hit)
Batting: RHB Jim Unknown 0-0: Called Strike
0-1: Ball
1-1: Swinging Strike
1-2: Strikes out swinging
Batting: RHB Nathaniel Gault 0-0: Ball
1-0: Called Strike
1-1: Foul Ball, location: 2F
1-2: Ball
2-2: Foul Ball, location: 2F
2-2: Fly out, F9 (Flyball, 9LM)
Batting: LHB Jesús Reyes 0-0: Called Strike
0-1: Ball
1-1: Foul Ball, location: 2F
1-2: Ball
2-2: SINGLE (Groundball, 56D) (infield hit)
Luchino Salimbeni to second
Batting: RHB Jesús Vásquez 0-0: Ball
1-0: Foul Ball, location: 2F
1-1: Ball
2-1: Ball
3-1: Fly out, F8 (Flyball, 8LM)
Bottom of the 1st over - 0 run(s), 2 hit(s), 0 error(s), 2 left on base; Belleville 0 - Grand Forks 0
TOP OF THE 2ND
Belleville Bulls batting - Pitching for Grand Forks Caterpillars : LHP Oliver De Jesús
Batting: RHB Alberto Blanco 0-0: Ball
1-0: Swinging Strike
1-1: DOUBLE (Line Drive, 78D)
Batting: RHB Jaime Ramírez 0-0: Ball
1-0: Fly out, F9 (Flyball, 9M)
Batting: RHB Ángel Rosa 0-0: Called Strike
0-1: Ball
1-1: SINGLE (Groundball, 56D)
Alberto Blanco to third
Batting: LHB Manuel Sánchez 0-0: Ball
1-0: 3-RUN HOME RUN (Flyball, 89XD), Distance : 425 ft
Batting: RHB Howard Fewell 0-0: Fly out, F7 (Line Drive, 7M)
Batting: RHB Gabriel López 0-0: Foul Ball, location: 2F
0-1: Ball
1-1: Called Strike
1-2: Ball
2-2: SINGLE (Groundball, 5D)
Batting: RHB Paddy Hodnett 0-0: Ball
1-0: Called Strike
1-1: Fly out, F9 (Flyball, 9M)
Top of the 2nd over - 3 run(s), 4 hit(s), 0 error(s), 1 left on base; Belleville 3 - Grand Forks 0
BOTTOM OF THE 2ND
Grand Forks Caterpillars batting - Pitching for Belleville Bulls : LHP Reynaldo Sánchez
Batting: RHB Alfonso Baca 0-0: Called Strike
0-1: Ball
1-1: Fly out, F9 (Flyball, 9M)
Batting: LHB Júlio Castro 0-0: Ground out U3 (Groundball, 3L)
Batting: LHB Felipe Trujillo 0-0: Ball
1-0: Called Strike
1-1: Foul Ball, location: 2F
1-2: Ball
2-2: Ball
3-2: Fly out, F3 (Popup, 3DF)
Bottom of the 2nd over - 0 run(s), 0 hit(s), 0 error(s), 0 left on base; Belleville 3 - Grand Forks 0
TOP OF THE 3RD
Belleville Bulls batting - Pitching for Grand Forks Caterpillars : LHP Oliver De Jesús
Batting: RHB Noel Wells 0-0: Foul Ball, location: 2F
0-1: Called Strike
0-2: Strikes out swinging
Batting: RHB Henry Mann 0-0: Called Strike
0-1: Ground out 6-3 (Groundball, 6)
Batting: RHB Alberto Blanco 0-0: Called Strike
0-1: Foul Ball, location: 2F
0-2: Ball
1-2: Ball
2-2: Ball
3-2: Base on Balls
Batting: RHB Jaime Ramírez 0-0: Ground out 1-3 (Groundball, 25)
Top of the 3rd over - 0 run(s), 0 hit(s), 0 error(s), 1 left on base; Belleville 3 - Grand Forks 0
BOTTOM OF THE 3RD
Grand Forks Caterpillars batting - Pitching for Belleville Bulls : LHP Reynaldo Sánchez
Batting: LHB Qi-zhen Loong 0-0: Ball
1-0: Called Strike
1-1: Ball
2-1: Foul Ball, location: 2F
2-2: Fly out, F8 (Flyball, 8LD)
Batting: SHB Luchino Salimbeni 0-0: Fly out, F7 (Flyball, 7M)
Batting: RHB Jim Unknown 0-0: Ball
1-0: Ball
2-0: Fly out, F3 (Popup, 34)
Bottom of the 3rd over - 0 run(s), 0 hit(s), 0 error(s), 0 left on base; Belleville 3 - Grand Forks 0
TOP OF THE 4TH
Belleville Bulls batting - Pitching for Grand Forks Caterpillars : LHP Oliver De Jesús
Batting: RHB Ángel Rosa 0-0: Called Strike
0-1: Ground out 6-3 (Groundball, 6M)
Batting: LHB Manuel Sánchez 0-0: Ball
1-0: SINGLE (Groundball, 34S)
Batting: RHB Howard Fewell 0-0: Called Strike
0-1: Swinging Strike
0-2: Ball
1-2: Strikes out swinging
Batting: RHB Gabriel López 0-0: Ball
1-0: Called Strike
1-1: Ball
2-1: Foul Ball, location: 2F
2-2: Ball
3-2: Fly out, F8 (Flyball, 8LM)
Top of the 4th over - 0 run(s), 1 hit(s), 0 error(s), 1 left on base; Belleville 3 - Grand Forks 0
BOTTOM OF THE 4TH
Grand Forks Caterpillars batting - Pitching for Belleville Bulls : LHP Reynaldo Sánchez
Batting: RHB Nathaniel Gault 0-0: Called Strike
0-1: Ball
1-1: Swinging Strike
1-2: SINGLE (Flyball, 78S)
Batting: LHB Jesús Reyes 0-0: Called Strike
0-1: SINGLE (Flyball, 7S)
Nathaniel Gault to second
Batting: RHB Jesús Vásquez 0-0: Called Strike
0-1: Swinging Strike
0-2: Ball
1-2: SINGLE (Line Drive, 6MD)
Nathaniel Gault to third
Jesús Reyes to second
Runner from 3rd tries for Home, SAFE, throw made home
Batting: RHB Alfonso Baca 0-0: Ball
1-0: Called Strike
1-1: Called Strike
1-2: Ball
2-2: Fly out, F6 (Popup, 56)
Batting: LHB Júlio Castro 0-0: Ball
1-0: Foul Ball, location: 2F
1-1: Swinging Strike
1-2: Fly out, F7 (Flyball, 7M)
Batting: LHB Felipe Trujillo 0-0: Ball
1-0: Ball
2-0: SINGLE (Groundball, 56D)
Jesús Reyes to third
Jesús Vásquez to second
Runner from 3rd tries for Home, SAFE, no throw or cutoff
Batting: LHB Qi-zhen Loong 0-0: Ball
1-0: Foul Ball, location: 2F
1-1: Swinging Strike
1-2: Foul Ball, location: 2F
1-2: Fly out, F8 (Flyball, 8LD)
Bottom of the 4th over - 2 run(s), 4 hit(s), 0 error(s), 2 left on base; Belleville 3 - Grand Forks 2
TOP OF THE 5TH
Belleville Bulls batting - Pitching for Grand Forks Caterpillars : LHP Oliver De Jesús
Batting: RHB Paddy Hodnett 0-0: Ball
1-0: Ball
2-0: Called Strike
2-1: Ball
3-1: Base on Balls
Pitching: LHP Juan García
Batting: RHB Noel Wells 0-0: Fly out, F8 (Flyball, 8LD)
Batting: RHB Henry Mann 0-0: Called Strike
0-1: Ball
1-1: Ball
2-1: Foul Ball, location: 2F
2-2: Fly out, F7 (Flyball, 78M)
Batting: RHB Alberto Blanco 0-0: Foul Ball, location: 2F
0-1: SINGLE (Flyball, 8LS)
Paddy Hodnett to second
Batting: RHB Jaime Ramírez 0-0: Ball
1-0: Ball
2-0: Ball
3-0: Called Strike
3-1: Foul Ball, location: 2F
3-2: Strikes out swinging
Top of the 5th over - 0 run(s), 1 hit(s), 0 error(s), 2 left on base; Belleville 3 - Grand Forks 2
BOTTOM OF THE 5TH
Grand Forks Caterpillars batting - Pitching for Belleville Bulls : LHP Reynaldo Sánchez
Batting: SHB Luchino Salimbeni 0-0: Ground out 5-3 (Groundball, 56)
Batting: RHB Jim Unknown 0-0: Called Strike
0-1: Ball
1-1: Called Strike
1-2: Ground out 5-3 (Groundball, 56)
Batting: RHB Nathaniel Gault 0-0: Called Strike
0-1: Swinging Strike
0-2: Strikes out swinging
Bottom of the 5th over - 0 run(s), 0 hit(s), 0 error(s), 0 left on base; Belleville 3 - Grand Forks 2
TOP OF THE 6TH
Belleville Bulls batting - Pitching for Grand Forks Caterpillars : LHP Juan García
Batting: RHB Ángel Rosa 0-0: Called Strike
0-1: Ball
1-1: Fly out, F9 (Line Drive, 9M)
Batting: LHB Manuel Sánchez 0-0: Ball
1-0: SINGLE (Groundball, 15S) (infield hit)
Batting: RHB Howard Fewell 0-0: Called Strike
0-1: Ball
1-1: Ball
2-1: Ball
3-1: Foul Ball, location: 2F
3-2: Foul Ball, location: 2F
3-2: Foul Ball, location: 2F
3-2: Base on Balls
Manuel Sánchez to second
Batting: RHB Gabriel López 0-0: Called Strike
0-1: Ball
1-1: Ball
2-1: Foul Ball, location: 2F
2-2: Ball
3-2: Strikes out swinging
Batting: RHB Paddy Hodnett 0-0: Ball
1-0: Called Strike
1-1: Ground out 6-3 (Groundball, 56)
Top of the 6th over - 0 run(s), 1 hit(s), 0 error(s), 2 left on base; Belleville 3 - Grand Forks 2
BOTTOM OF THE 6TH
Grand Forks Caterpillars batting - Pitching for Belleville Bulls : LHP Reynaldo Sánchez
Batting: LHB Jesús Reyes 0-0: Ball
1-0: Ball
2-0: SINGLE (Groundball, 4M)
Batting: RHB Jesús Vásquez 0-0: Called Strike
0-1: Ball
1-1: Foul Ball, location: 2F
1-2: Strikes out swinging
Batting: RHB Alfonso Baca 0-0: Called Strike
Jesús Reyes is caught stealing 2nd base
0-1: Foul Ball, location: 2F
0-2: Ball
1-2: Strikes out swinging
Bottom of the 6th over - 0 run(s), 1 hit(s), 0 error(s), 0 left on base; Belleville 3 - Grand Forks 2
TOP OF THE 7TH
Belleville Bulls batting - Pitching for Grand Forks Caterpillars : LHP Juan García
Batting: RHB Noel Wells 0-0: Ball
1-0: Called Strike
1-1: Foul Ball, location: 2F
1-2: SINGLE (Line Drive, 89S)
Pitching: RHP Esteban Nevárez
Batting: RHB Henry Mann 0-0: Called Strike
0-1: Foul Ball, location: 2F
0-2: Ball
1-2: Ball
2-2: Foul Ball, location: 2F
2-2: Ball
3-2: Base on Balls
Noel Wells to second
Batting: RHB Alberto Blanco 0-0: Ball
1-0: Called Strike
1-1: Ball
2-1: Foul Ball, location: 2F
2-2: Strikes out swinging
Batting: RHB Jaime Ramírez 0-0: Called Strike
0-1: Swinging Strike
0-2: Strikes out swinging
Pinch Hitting: RHB Jim Unknown 0-0: Ball
1-0: Called Strike
1-1: Called Strike
1-2: Ball
2-2: Ball
3-2: Foul Ball, location: 2F
3-2: Fly out, F8 (Flyball, 89D)
Top of the 7th over - 0 run(s), 1 hit(s), 0 error(s), 2 left on base; Belleville 3 - Grand Forks 2
BOTTOM OF THE 7TH
Grand Forks Caterpillars batting - Pitching for Belleville Bulls : LHP Reynaldo Sánchez
Now at 1B: Jim Unknown
Batting: LHB Júlio Castro 0-0: Called Strike
0-1: Ball
1-1: Foul Ball, location: 2F
1-2: Ball
2-2: DOUBLE (Popup, 7LS)
Batting: LHB Felipe Trujillo 0-0: Fly out, F7 (Flyball, 7LM)
Batting: LHB Qi-zhen Loong 0-0: Ball
1-0: Ball
2-0: Called Strike
2-1: Foul Ball, location: 2F
2-2: Foul Ball, location: 2F
2-2: Hit by Pitch
Batting: SHB Luchino Salimbeni 0-0: Ball
1-0: Foul Ball, location: 2F
1-1: Fly out, F1 (Popup, 23)
Batting: RHB Jim Unknown 0-0: Ball
1-0: Ball
2-0: Swinging Strike
2-1: Fly out, F3 (Popup, 23F)
Bottom of the 7th over - 0 run(s), 1 hit(s), 0 error(s), 2 left on base; Belleville 3 - Grand Forks 2
TOP OF THE 8TH
Belleville Bulls batting - Pitching for Grand Forks Caterpillars : RHP Esteban Nevárez
Batting: LHB Manuel Sánchez 0-0: Ball
1-0: Ball
2-0: Ball
3-0: Called Strike
3-1: DOUBLE (Line Drive, 9LS)
Pinch Hitting: RHB Felipe Gonzáles 0-0: Called Strike
0-1: Ball
1-1: Foul Ball, location: 2F
1-2: Ball
2-2: Ball
3-2: Base on Balls
Batting: RHB Gabriel López 0-0: Bunted foul
0-1: Bunted foul
0-2: Foul Ball, location: 2F
0-2: Fly out, F8 (Flyball, 8LM)
Batting: RHB Paddy Hodnett 0-0: Ball
1-0: Ball
2-0: Ball
3-0: Called Strike
3-1: Base on Balls
Manuel Sánchez to third
Felipe Gonzáles to second
Batting: RHB Noel Wells 0-0: Ball
1-0: Called Strike
1-1: Swinging Strike
1-2: Foul Ball, location: 2F
1-2: Fly out, F4 (Popup, 4MD)
Batting: RHB Henry Mann 0-0: Called Strike
0-1: Foul Ball, location: 2F
0-2: Foul Ball, location: 2F
0-2: SINGLE (Groundball, 56D) (infield hit)
Manuel Sánchez scores
Felipe Gonzáles to third
Paddy Hodnett to second
Batting: RHB Alberto Blanco 0-0: Called Strike
0-1: Ball
1-1: Ball
2-1: Swinging Strike
2-2: Foul Ball, location: 2F
2-2: DOUBLE (Line Drive, 89S)
Felipe Gonzáles scores
Paddy Hodnett scores
Henry Mann to third
Runner from 3rd tries for Home, SAFE, no throw or cutoff
Pitching: LHP José Duarte
Batting: RHB Jaime Ramírez 0-0: Ball
1-0: Ball
2-0: Fly out, F8 (Flyball, 8RM)
Top of the 8th over - 4 run(s), 3 hit(s), 0 error(s), 1 left on base; Belleville 7 - Grand Forks 2
BOTTOM OF THE 8TH
Grand Forks Caterpillars batting - Pitching for Belleville Bulls : LHP Reynaldo Sánchez
Now at 1B: Felipe Gonzáles
Batting: RHB Nathaniel Gault 0-0: Foul Ball, location: 2F
0-1: Ball
1-1: Swinging Strike
1-2: Foul Ball, location: 2F
1-2: Strikes out looking
Batting: LHB Jesús Reyes 0-0: Called Strike
0-1: Ball
1-1: Foul Ball, location: 2F
1-2: Strikes out looking
Batting: RHB Jesús Vásquez 0-0: Swinging Strike
0-1: Foul Ball, location: 2F
0-2: Ground out 6-3 (Groundball, 6)
Bottom of the 8th over - 0 run(s), 0 hit(s), 0 error(s), 0 left on base; Belleville 7 - Grand Forks 2
TOP OF THE 9TH
Belleville Bulls batting - Pitching for Grand Forks Caterpillars : LHP José Duarte
Pitching: LHP Jim Unknown
Batting: RHB Jim Unknown 0-0: Ball
1-0: Ball
2-0: Ball
3-0: Called Strike
3-1: Called Strike
3-2: Base on Balls
Batting: LHB Manuel Sánchez 0-0: Sac Bunt - play at first, batter safe!
Jim Unknown to second
Batting: RHB Felipe Gonzáles 0-0: Sac Bunt - play at first, batter safe!
Jim Unknown to third
Manuel Sánchez to second
Batting: RHB Gabriel López 0-0: Ball
1-0: Fly out, F6 (Popup, 6S)
Batting: RHB Paddy Hodnett 0-0: Called Strike
0-1: Ground out U3 (Groundball, 3S)
Jim Unknown scores
Manuel Sánchez to third
Felipe Gonzáles to second
Batting: RHB Noel Wells 0-0: Called Strike
0-1: Ball
1-1: Foul Ball, location: 2F
1-2: DOUBLE (Line Drive, 89M)
Manuel Sánchez scores
Felipe Gonzáles scores
Batting: RHB Henry Mann 0-0: Ball
1-0: Called Strike
1-1: Ball
2-1: Ball
3-1: Foul Ball, location: 2F
3-2: Ground out 4-3 (Groundball, 4)
Top of the 9th over - 3 run(s), 3 hit(s), 0 error(s), 1 left on base; Belleville 10 - Grand Forks 2
BOTTOM OF THE 9TH
Grand Forks Caterpillars batting - Pitching for Belleville Bulls : LHP Reynaldo Sánchez
Pitching: RHP Leăo Barro
Batting: RHB Alfonso Baca 0-0: Called Strike
0-1: Ball
1-1: Ground out 6-3 (Groundball, 6)
Batting: LHB Júlio Castro 0-0: Fly out, F9 (Flyball, 89M)
Batting: LHB Felipe Trujillo 0-0: Ball
1-0: Foul Ball, location: 2F
1-1: Foul Ball, location: 2F
1-2: Foul Ball, location: 2F
1-2: Ball
2-2: Fly out, F7 (Flyball, 78D)
Bottom of the 9th over - 0 run(s), 0 hit(s), 0 error(s), 0 left on base; Belleville 10 - Grand Forks 2
This league is powered by Out of the Park Baseball, the baseball management simulation game for PC, Mac and Linux
Friday, April 15th, 2016 - OOTP Baseball 16.9 Build 39